 Dungeon Crawl Stone Soup version 0.31-a0-833-gc15d34cb79 (webtiles) character file.

Game seed: 7509779922248008472

514 DApurpleWHUMPUS the Conjurer (level 7, 0/36 HPs)
             Began as a Deep Elf Conjurer on Sept 25, 2023.
             Slain by a hound (4 damage)
             ... on level 4 of the Dungeon.
             The game lasted 00:05:52 (2335 turns).

DApurpleWHUMPUS the Conjurer (Deep Elf Conjurer)    Turns: 2335, Time: 00:05:53

Health: 0/36       AC:  4    Str:  4    XL:     7   Next: 0%
Magic:  0/18       EV: 12    Int: 31    God:
Gold:   179        SH:  0    Dex: 13    Spells: 12/18 levels left

rFire   + . .        (no weapon)
rCold   x . .        (no shield)
rNeg    . . .        a - +0 robe
rPois   .            e - +0 helmet
rElec   +            (no cloak)
rCorr   .            u - +0 pair of gloves
SInv    .            (no boots)
Will    .....        (no amulet)
Stlth   ++           p - ring "Wuxetegg" {rElec Int+6}
HPRegen 0.26/turn    l - ring of fire
MPRegen 0.16/turn

%: no passive effects
@: no status effects
A: no striking features
a: no special abilities


You were on level 4 of the Dungeon.
You visited 1 branch of the dungeon, and saw 4 of its levels.

You collected 179 gold pieces.

Inventory:

Armour
 a - a +0 robe (worn)
 e - a +0 helmet (worn)
 u - a +0 pair of gloves (worn)
Magical Staves
 j - a staff of poison
Jewellery
 l - a ring of fire (right hand)
 p - the ring "Wuxetegg" (left hand) {rElec Int+6}
   (You found it on level 2 of the Dungeon)

   [ring of intelligence]

   Int+6:     It affects your intelligence (+6).
   rElec:     It insulates you from electricity.
 s - a ring of magical power
 v - an amulet of the acrobat
Scrolls
 c - 2 scrolls of amnesia {unknown}
 d - 3 scrolls of identify {unknown}
 f - 2 scrolls of torment {unknown}
 g - a scroll of butterflies {unknown}
 i - a scroll of fog {unknown}
 r - 3 scrolls of blinking {unknown}
 w - a scroll of noise {unknown}
Potions
 h - 3 potions of attraction {unknown}
 k - 2 potions of brilliance {unknown}
 m - a potion of invisibility {unknown}
 n - a potion of berserk rage {unknown}
 o - a potion of resistance {unknown}
 q - a potion of haste {unknown}
 t - a potion of ambrosia {unknown}


   Skills:
 - Level 2.4 Dodging
 - Level 2.4 Stealth
 + Level 6.2 Spellcasting
 + Level 6.3 Conjurations
 + Level 3.8 Hexes
 + Level 3.1 Summonings


You had 12 spell levels left.
You knew the following spells:

 Your Spells              Type           Power      Damage    Failure   Level
a - Magic Dart            Conj           100%       1d8       1%          1
b - Summon Guardian Gole  Hex/Summ       31%        N/A       3%          3
c - Searing Ray           Conj           96%        2d7       1%          2

Your spell library contained the following spells:

 Spells                   Type           Power      Damage    Failure   Level
 Dazzling Flash           Conj/Hex       82%        N/A       1%          3
 Fulminant Prism          Conj/Hex       20%        3d12      6%          4
 Iskenderun's Mystic Bla  Conj/Tloc      29%        2d7       13%         4
 Orb of Destruction       Conj           24%        9d9       97%         7
 Spellforged Servitor     Conj/Summ      19%        N/A       99%         7


Dungeon Overview and Level Annotations

Branches:
Dungeon (4/15)
 Temple: D:4-7

Altars:
Fedhas
Kikubaaqudgha


Message History

Confirm with . or Enter, or press ? or * to list all spells.
Aiming: Searing Ray (safe; 1% risk of failure)
Press: ? - help, Shift-Dir - straight line, f/p - Pikel
Aim: Pikel, wielding a +2 whip of freezing and wearing a +0 robe (heavily wounded, 76% to hit)
The searing ray hits Pikel.
Pikel is severely wounded. (Press . to maintain the ray.)
A hobgoblin comes into view.
Pikel completely misses you.
The searing ray hits Pikel.
Pikel is almost dead.
Pikel misses you.
The searing ray hits Pikel.
Pikel is almost dead.
Pikel hits you with a +2 whip of freezing!
Ouch! That really hurt!
Pikel freezes you!
* * * LOW HITPOINT WARNING * * *
The searing ray hits Pikel!
You kill Pikel!
You finish channelling your searing ray.
With Pikel's spell broken, his former minions thank you for their freedom.
The lemure departs this earthly plane. x2
Your Spellcasting skill gained 2 levels and is now at level 6!
Your Conjurations skill increases to level 6!
Your Hexes skill gained 3 levels and is now at level 3!
Your Summonings skill gained 3 levels and is now at level 3!
You have reached level 4!
You feel clever.
You have reached level 5!
You have reached level 6!
You have reached level 7!
Okay, then.
Okay, then.
Okay, then.
The hound attacks as it pursues you! The hound bites you.
* * * LOW HITPOINT WARNING * * *
The hound attacks as it pursues you! The hound barely misses you.
The hound bites you.
You die...

..>....### #........#
#........+.§§§§≈K#
...#####.......#.§≈.§≈..
..?§.§)........#§≈§§≈≈.#
..####........#§≈≈§§≈.#
#...........§§≈...
#.h..#.......§...#
##@#.#...........#
#.#.#####.....#.##
#.#........##.#...
#...........#...##
#...........###.##
##......#......#.##
+.....#.###.#..#...
##....#.#......#.†#
##...#.#.#....#..#


You could see a hound.

Vanquished Creatures
  Pikel (D:4)
  2 lemures (D:4)
  2 adders
  3 ball pythons
  4 bats
  4 endoplasms
  2 giant cockroaches
  5 goblins
  7 hobgoblins
  3 quokkas
  5 frilled lizards
  3 kobolds (D:1)
  7 rats
48 creatures vanquished.

Notes
Turn   | Place    | Note
-------+----------+-------------------------------------------
     0 | D:1      | DApurpleWHUMPUS the Deep Elf Conjurer began the quest for
                  | the Orb.
     0 | D:1      | Reached XP level 1. HP: 10/10 MP: 6/6
   145 | D:1      | Reached XP level 2. HP: 15/15 MP: 2/8
   778 | D:1      | You fall into a shaft and drop 1 floor!
   814 | D:2      | Reached skill level 5 in Conjurations
   814 | D:2      | Reached XP level 3. HP: 19/19 MP: 8/10
   852 | D:2      | Identified the ring "Wuxetegg" {rElec Int+6}
  1472 | D:3      | Found an ancient bone altar of Kikubaaqudgha.
  1710 | D:3      | Learned a level 3 spell: Summon Guardian Golem
  1714 | D:3      | Learned a level 2 spell: Searing Ray
  2129 | D:4      | Found a blossoming altar of Fedhas.
  2131 | D:4      | Noticed a lemure
  2132 | D:4      | Noticed Pikel
  2156 | D:4      | Killed a lemure
  2241 | D:4      | Noticed a lemure
  2255 | D:4      | Killed a lemure
  2322 | D:4      | Noticed a lemure
  2322 | D:4      | Noticed a lemure
  2332 | D:4      | Killed Pikel
  2333 | D:4      | Reached XP level 4. HP: 3/24 MP: 0/14
  2333 | D:4      | Reached XP level 5. HP: 4/28 MP: 0/15
  2333 | D:4      | Reached XP level 6. HP: 4/32 MP: 0/17
  2333 | D:4      | Reached XP level 7. HP: 5/36 MP: 0/18
  2335 | D:4      | Slain by a hound

Illustrated notes

Levels and vault maps discovered:
D:1:      lightli_arrival_chessboard, layout_basic, serial_rivers,
          chequers_serial_rivers_small_b, chequers_serial_rivers_micro_c,
          chequers_serial_rivers_micro_a, chequers_serial_rivers_micro_a,
          chequers_serial_rivers_room_b, chequers_serial_rivers_micro_c
D:2:      layout_rooms
D:3:      layout_rooms, kiku_gazebo_pond_becter
D:4:      layout_basic, mainiacjoe_overflow_catwalk,
          minmay_misc_feat_four_crosses, uniq_pikel, uniq_edmund, uniq_robin

Skill      XL: |  1  2  3 |
---------------+----------+-----
Spellcasting   | 4 6 |  6.2
Conjurations   | 5 6 |  6.3
Hexes          | 3 |  3.8
Summonings     | 3 |  3.1
Dodging        | |  2.4
Stealth        | |  2.4

Action                     |  1- 3 |  4- 6 |  7- 9 || total
---------------------------+-------+-------+-------++-------
   Cast: Magic Dart        |    87 |       |       ||    87
         Searing Ray       |     7 |       |       ||     7
    Use: Potion            |     1 |       |       ||     1
 Armour: Robe              |    13 |       |     2 ||    15
  Dodge: Dodged            |    14 |       |     1 ||    15

Table legend: (Time is in decaauts)
 A = Elapsed time spent in this place.
 B = Non-inter-level travel time spent in this place.
 C = Inter-level travel time spent in this place.
 D = Time resting spent in this place.
 E = Time spent auto-exploring this place.
 F = Levels seen in this place.
 G = Mean time per level.
                   A        B        C        D        E       F      G
               +--------+--------+--------+--------+--------+-----+--------+
         Total |   2337 |   2279 |     58 |    139 |   1864 |   4 |  584.2 |
       Dungeon |   2337 |   2279 |     58 |    139 |   1864 |   4 |  584.2 |
               +--------+--------+--------+--------+--------+-----+--------+

Top non-repeatable levels by time:
     D:1: 971 daAuts
     D:3: 557 daAuts
     D:2: 498 daAuts
     D:4: 309 daAuts
